 Dungeon Crawl Stone Soup version 0.20.1-1-g8b1a95d (webtiles) character file.

93816 letownia2 the Severer (level 15, -7/132 HPs)
             Began as a Deep Dwarf Necromancer on Nov 27, 2017.
             Was an Initiate of Gozag.
             Mangled by a two-headed ogre
             ... wielding a +0 giant spiked club
              (13 damage)
             ... on level 2 of the Orcish Mines.
             The game lasted 01:41:06 (26932 turns).

letownia2 the Severer (Deep Dwarf Necromancer)     Turns: 26932, Time: 01:41:07

Health: -7/132     AC: 23    Str: 15    XL:     15   Next: 61%
Magic:  11/27      EV:  7    Int: 23    God:    Gozag
Gold:   1166       SH:  0    Dex: 18    Spells: 26/30 levels left

rFire    + . .     SeeInvis +   a - +6 executioner's axe
rCold    . . .     Gourm    .   (shield currently unavailable)
rNeg     + . .     Faith    .   l - +4 plate armour {rF+}
rPois    +         Spirit   .   S - +0 helmet of Charity {Int+4 Dex+3}
rElec    .         Reflect  .   m - scarf {repulsion}
rCorr    .         Harm     .   R - +1 pair of gloves
MR       ++...                  D - +0 pair of boots
Stlth    ..........             z - amulet of magic regeneration
Regen    0.0/turn               I - ring of poison resistance
MPRegen  0.3/turn               V - ring of Disaster {+Fly Dex+2 SInv Stlth+}

@: about to teleport, non-regenerating, repel missiles
A: damage resistance, heal wounds, negative energy resistance 1, sense
surroundings 2, no regeneration
a: Heal Wounds, Potion Petition, Call Merchant, Bribe Branch, Renounce Religion,
Evoke Flight


You were on level 2 of the Orcish Mines.
You worshipped Gozag.
Gozag was most pleased with you.
You were not hungry.

You visited 4 branches of the dungeon, and saw 24 of its levels.
You also visited: Sewer and Volcano.

You collected 9551 gold pieces.
You spent 946 gold pieces at shops.
You paid 7439 gold pieces to Gozag.

Inventory:

Hand Weapons
 a - a +6 executioner's axe (weapon)
 b - a +4 great mace of flaming
 c - a +0 blowgun
 d - a +4 bardiche of venom
 f - a +0 arbalest
 U - a +4 flail of crushing
Missiles
 n - 47 poisoned needles
 K - 6 steel javelins (quivered)
 L - 91 bolts
Armour
 e - a +1 scale mail of positive energy
 l - a +4 plate armour of fire resistance (worn)
 m - a scarf of repulsion (worn)
 q - the +9 scales of the Dragon King {rPois rF+ rC+ MR+}
   (You took it off an orc warlord on level 1 of the Orcish Mines)

   It protects you from fire.
   It protects you from cold.
   It protects you from poison.
   It affects your resistance to hostile enchantments.
 D - a +0 pair of boots (worn)
 R - a +1 pair of gloves (worn)
 S - the +0 helmet of Charity (worn) {Int+4 Dex+3}
   (You bought it in a shop on level 2 of the Lair of Beasts)

   It affects your intelligence (+4).
   It affects your dexterity (+3).
 W - +0 fire dragon scales
Magical Staves
 G - an uncursed staff of energy
Jewellery
 o - an uncursed ring of resist corrosion
 r - an uncursed ring of protection from fire
 s - a cursed ring of teleportation {unknown}
 z - an amulet of magic regeneration (around neck)
 I - a ring of poison resistance (left hand)
 V - the ring of Disaster (right hand) {+Fly Dex+2 SInv Stlth+}
   (You bought it in a shop on level 2 of the Lair of Beasts)

   [ring of flight]

   It affects your dexterity (+2).
   It lets you see invisible.
   It lets you fly.
   It makes you more stealthy.
Wands
 w - a wand of paralysis (0/24)
 B - a wand of digging (16/24)
 J - a wand of digging (4/24)
 X - a wand of acid (0/15)
 Y - a wand of flame (27/48)
Scrolls
 h - 5 scrolls of immolation
 i - 11 scrolls of identify
 y - a scroll of fog
 A - 5 scrolls of teleportation
 H - 6 scrolls of remove curse
 O - 4 scrolls of magic mapping
Potions
 g - 4 potions of flight
 k - 5 potions of curing
 p - 5 potions of heal wounds
 u - 4 potions of agility
 v - 4 potions of cancellation
 x - a potion of might
 C - 4 potions of mutation
 E - 3 potions of lignification
 F - a potion of ambrosia
 M - 2 potions of resistance
 N - a potion of haste
 Z - 4 potions of berserk rage
Miscellaneous
 j - a box of beasts
 t - a fan of gales
Comestibles
 Q - 12 bread rations


   Skills:
 - Level 8.1 Fighting
 + Level 18.5 Axes
 - Level 8.6 Armour
 - Level 4.1 Dodging
 - Level 2.4 Stealth
 - Level 8.3 Spellcasting
 - Level 15.5 Necromancy
 - Level 8.1 Evocations


You had 26 spell levels left.
You knew the following spells:

 Your Spells              Type           Power        Failure   Level  Hunger
a - Pain                  Necr           ####         1%          1    None
v - Vampiric Draining     Necr           ######....   1%          3    None


Dungeon Overview and Level Annotations

Branches:
Dungeon (15/15)            Temple (1/1) D:4            Lair (6/6) D:10
 Shoals (0/4) Lair:4        Snake (0/4) Lair:2          Orc (2/2) D:11
    Elf (0/3) Orc:2        Vaults (0/5) D:13
  Slime: Lair:5-6    Depths: D:15

Altars:
Ashenzari
Cheibriados
Dithmenos
Elyvilon
Fedhas
Gozag
Hepliaklqana
Kikubaaqudgha
Makhleb
Nemelex Xobeh
Okawaru
Qazlal
Ru
Sif Muna
Trog
Uskayaw
Vehumet
Xom
Yredelemnul
Zin
The Shining One
Beogh

Shops:
D:4 *   D:5 *[[*[   D:8 (([   Orc:1 !   Orc:2 %?[   Lair:2 [[*[[[

Annotations:
D:4 exclusion: downstairs
D:7 DIG
D:14 Zogzag's ghost, journeyman HuIE
Orc:1 Erolcha


Innate Abilities, Weirdness & Mutations

You are resistant to damage.
You can heal yourself by infusing magical energy.
You resist negative energy. (rN+)
You passively map the area around you.
You do not regenerate.


Message History

* * * LOW HITPOINT WARNING * * *
The two-headed ogre hits you but does no damage.
The orc is distracted by the nearby gold.
Unknown command.
As you read the scroll of teleportation, it crumbles to dust.
You feel strangely unstable.
The two-headed ogre hits you with a giant spiked club.
* * * LOW HITPOINT WARNING * * *
The two-headed ogre hits you with a giant club!
* * * LOW HITPOINT WARNING * * *
The two-headed ogre barely misses you.
The two-headed ogre hits you but does no damage.
The ogre mage is distracted by your gold.
Unknown command.
Unknown command.
Unknown command.
The two-headed ogre barely misses you.
The two-headed ogre hits you with a giant club!
You die...
Your body crumbles into a pile of gold.

##......[##..)([.........###..
##.....[[....)[.#........#...
#.......[..[.)###...........
####.....)[.)..####.........
#.....[....## ###......#
#....[#..[## ### ###....#
####..#....###.###.....##
#...#..[..#...###.#.#.#
###.##@).....## ###.###
#.##OO.....# ### ****
###...._..## , * ###..T....###
, .# ##...........## $
..#####........O....# ## ,, ,
...#.....#..........####.##
*** *
...'.........[..o#.......$# ,
..'.....................$#


You could see 2 two-headed ogres, an ogre mage (unaware), a deep troll and an
orc (unaware).

Vanquished Creatures
  Gastronok (Lair:1)
  Kirke (D:13)
  An orc warlord (Orc:1)
  An emperor scorpion (D:12)
  Josephine (D:10)
  An ogre mage (Orc:2)
  4 hydras
  The ghost of AdmiralAndromeda the Martial Artist, a journeyman DsNe of Kikubaaqudgha (D:12)
  6 centaur warriors
  12 two-headed ogres
  2 death knights
  Urug (D:10)
  2 orc high priests (Orc:2)
  4 skeletal warriors
  An unseen horror (D:13)
  2 deep trolls
  6 wizards
  3 orc knights
  A deep elf mage (D:13)
  4 cyclopes
  2 ugly things
  3 orc sorcerers (Orc:2)
  3 manticores
  3 toenail golems (Volcano)
  6 elephants (Lair:6)
  2 black mambas
  A gargoyle (D:11)
  14 spiny frogs
  3 komodo dragons
  A rime drake (Lair:4)
  A queen bee (shapeshifter) (D:14)
  15 trolls
  A polar bear (Lair:6)
  8 hornets
  A dream sheep (Lair:6)
  10 blink frogs
  8 hippogriffs
  2 meliai zombies
  12 spriggans
  A shadow (D:11)
  5 redbacks
  3 hogs
  41 yaks
  Eustachio (D:5)
  3 wyverns
  3 wraiths (D:10)
  6 hungry ghosts
  A human (D:13)
  5 basilisks
  2 fire bats (Lair:4)
  A steam dragon (D:7)
  2 nagas (Lair:2)
  Grum (D:9)
  2 two-headed ogre zombies (D:11)
  19 wargs
  Edmund (D:4)
  12 water moccasins
  Duvessa (D:6)
  An acid dragon (D:14)
  10 porcupines
  2 ice beasts
  32 orc warriors
  4 sky beasts
  2 phantoms
  5 black bears
  A necrophage (D:7)
  33 ogres
  2 boggarts (Lair:6)
  20 centaurs
  17 wolves
  10 crocodiles
  5 big kobolds
  23 bullfrogs
  3 wyvern zombies
  Dowan (D:6)
  7 scorpions
  10 killer bees
  A troll zombie (D:11)
  10 wights (D:8)
  The ghost of Lanoc the Chiller, a weakling DsIE (D:3)
  6 howler monkeys
  10 crimson imps
  3 centaur zombies
  8 jellies
  2 quasits (D:7)
  A bullfrog skeleton (D:13)
  4 bullfrog zombies
  Crazy Yiuf (D:4)
  3 centaur skeletons
  5 hounds
  14 orc priests
  25 orc wizards
  6 iguanas
  12 worker ants
  A killer bee zombie (D:9)
  5 ogre zombies (D:11)
  A hound skeleton (D:7)
  A howler monkey zombie (D:6)
  A worker ant zombie (D:11)
  8 gnolls
  17 adders
  4 river rats
  5 shadow imps
  7 oozes
  5 leopard geckos
  109 orcs
  3 ball pythons
  10 bats
  8 giant cockroaches
  17 goblins
  8 hobgoblins
  17 jackals
  6 quokkas
  6 frilled lizards
  A goblin skeleton (D:11)
  3 goblin zombies (D:11)
  4 hobgoblin skeletons (D:11)
  2 hobgoblin zombies (D:11)
  A jackal zombie (D:6)
  24 kobolds
  A leopard gecko skeleton (D:7)
  3 orc skeletons (D:11)
  12 orc zombies (D:11)
  11 rats
862 creatures vanquished.

Vanquished Creatures (collateral kills)
  An orc warlord (Orc:2)
  An ettin (Orc:2)
  2 toenail golems (Volcano)
  An orc warrior (Orc:2)
  4 orcs (Orc:2)
9 creatures vanquished.

Vanquished Creatures (others)
  A dancing weapon (Volcano)
  A hippogriff (Lair:5)
  2 humans (D:13)
  A wyvern zombie (D:13)
  31 fungi
  13 plants
49 creatures vanquished.

Grand Total: 920 creatures vanquished

Notes
Turn   | Place    | Note
-------+----------+-------------------------------------------
     0 | D:1      | letownia2 the Deep Dwarf Necromancer began the quest for the Orb.
     0 | D:1      | Reached XP level 1. HP: 15/15 MP: 3/3
   180 | D:3      | Reached XP level 2. HP: 22/22 MP: 0/5
   298 | D:3      | Reached skill level 5 in Necromancy
   339 | D:2      | Found a white marble altar of Elyvilon.
   605 | D:4      | Found a staircase to the Ecumenical Temple.
   613 | Temple   | Entered the Ecumenical Temple
   627 | Temple   | Became a worshipper of Gozag Ym Sagoz the Greedy
   751 | D:4      | Reached XP level 3. HP: 28/28 MP: 1/6
   889 | D:4      | Found a runed door.
   999 | D:3      | Noticed Lanoc's ghost (weakling DsIE)
  1131 | D:4      | Found a glowing silver altar of Zin.
  1131 | D:4      | Found Zin's Purification Station.
  1189 | D:4      | Noticed a bullfrog
  1194 | D:4      | Learned a level 3 spell: Vampiric Draining
  1205 | D:4      | Killed a bullfrog
  1205 | D:4      | Reached XP level 4. HP: 21/36 MP: 0/9
  1312 | D:4      | Reached XP level 5. HP: 25/42 MP: 0/11
  1368 | D:4      | Noticed Edmund
  1467 | D:4      | Killed Edmund
  1730 | D:4      | Noticed an ogre
  1739 | D:4      | Killed an ogre
  1739 | D:4      | Reached XP level 6. HP: 47/49 MP: 1/12
  1817 | D:4      | Noticed Crazy Yiuf
  1822 | D:4      | Killed Crazy Yiuf
  2388 | D:3      | Found a burning altar of Makhleb.
  2534 | D:3      | Found an iron altar of Okawaru.
  2619 | D:3      | Killed Lanoc's ghost
  2813 | D:2      | Found a glowing golden altar of the Shining One.
  2909 | D:2      | Found a shadowy altar of Dithmenos.
  3359 | D:1      | Reached XP level 7. HP: 23/55 MP: 7/13
  4217 | D:5      | Entered Level 5 of the Dungeon
  4271 | D:5      | Noticed Eustachio
  4407 | D:5      | Killed Eustachio
  4459 | D:5      | Found a bloodstained altar of Trog.
  4492 | D:5      | Reached skill level 1 in Fighting
  4532 | D:5      | Found Jitup's Armour Boutique.
  4551 | D:5      | Found Axzuger's Antique Armour Shop.
  4572 | D:5      | Found Enuvuam's Assorted Antiques.
  4588 | D:5      | Found a shadowy altar of Dithmenos.
  4617 | D:5      | Reached XP level 8. HP: 45/66 MP: 4/14
  4719 | D:5      | Found Vemops's Armour Shop.
  4753 | D:5      | Found a snail-covered altar of Cheibriados.
  5168 | D:6      | Reached skill level 5 in Spellcasting
  5207 | D:6      | Found a deep blue altar of Sif Muna.
  5256 | D:6      | Found a glowing drain.
  5294 | Sewer    | Entered a sewer
  5366 | Sewer    | Reached skill level 1 in Armour
  5386 | Sewer    | Found a white marble altar of Elyvilon.
  5455 | D:6      | Noticed Duvessa
  5456 | D:6      | Noticed Dowan
  5494 | D:6      | Killed Duvessa
  5495 | D:6      | Killed Dowan
  5767 | D:7      | Gained mutation: You passively map the area around you. [Deep Dwarf growth]
  5767 | D:7      | Reached XP level 9. HP: 64/76 MP: 5/18
  6079 | D:7      | Got a fabulously ornate robe
  6597 | D:7      | Found a stormy altar of Qazlal.
  6638 | D:7      | Found a radiant altar of Vehumet.
  6640 | D:7      | Found a stormy altar of Qazlal.
  6640 | D:7      | Found a stormy altar of Qazlal.
  6642 | D:7      | Found a shimmering altar of Xom.
  6642 | D:7      | Found a shattered altar of Ashenzari.
  6642 | D:7      | Found a deep blue altar of Sif Muna.
  7068 | D:7      | Identified the +2 robe of the Zebra {Regen+ Str-3 Int+3 Stlth+} (You found it on level 7 of the Dungeon)
  7166 | D:8      | Found Tatuoh's Antique Weapon Boutique.
  7229 | D:8      | Found a stormy altar of Qazlal.
  7329 | D:8      | Found an ancient bone altar of Kikubaaqudgha.
  7546 | D:8      | Reached skill level 10 in Necromancy
  7590 | D:8      | Found Peixamis's Antique Weapon Shop.
  7594 | D:8      | Found Xaolues's Armour Shop.
  7631 | D:8      | Reached XP level 10. HP: 49/82 MP: 22/22
  7634 | D:8      | Reached skill level 5 in Evocations
  7669 | D:8      | Noticed a death knight
  7687 | D:8      | Killed a death knight
  7884 | D:8      | Reached skill level 1 in Axes
  7937 | D:8      | Reached skill level 2 in Axes
  8013 | D:8      | Reached skill level 3 in Axes
  8449 | D:9      | Noticed a two-headed ogre
  8462 | D:9      | Killed a two-headed ogre
  8462 | D:9      | Reached skill level 4 in Axes
  8689 | D:5      | Bought a scroll labeled ECWORACAHIE for 32 gold pieces
  8689 | D:5      | Bought a scroll labeled ECWORACAHIE for 32 gold pieces
  8775 | D:10     | Entered Level 10 of the Dungeon
  8782 | D:10     | Noticed Urug
  8796 | D:10     | Killed Urug
  8796 | D:10     | Reached skill level 5 in Axes
  8796 | D:10     | Reached XP level 11. HP: 61/91 MP: 0/23
  9023 | D:9      | Noticed Grum
  9045 | D:9      | Killed Grum
  9343 | D:10     | Noticed a two-headed ogre
  9349 | D:10     | Noticed Josephine
  9349 | D:10     | Killed a two-headed ogre
  9395 | D:10     | Killed Josephine
  9395 | D:10     | Reached skill level 6 in Axes
  9543 | D:10     | Noticed a two-headed ogre
  9559 | D:10     | Killed a two-headed ogre
  9703 | D:10     | Noticed a centaur warrior
  9719 | D:10     | Killed a centaur warrior
  9719 | D:10     | Reached skill level 5 in Armour
  9734 | D:10     | Reached skill level 7 in Axes
  9878 | D:10     | Found a staircase to the Lair.
 10414 | D:11     | Reached skill level 8 in Axes
 10435 | D:11     | Found a staircase to the Orcish Mines.
 10651 | D:11     | Reached XP level 12. HP: 80/100 MP: 8/24
 11036 | D:11     | Got a translucent trident
 11037 | D:11     | Identified the cursed +3 trident "Thing" {speed, Int-4 Dex+5} (You found it on level 11 of the Dungeon)
 11169 | D:11     | Reached skill level 5 in Fighting
 11476 | Orc:1    | Entered Level 1 of the Orcish Mines
 11490 | D:11     | Reached skill level 9 in Axes
 11825 | Orc:2    | Entered Level 2 of the Orcish Mines
 12063 | Orc:2    | Found a staircase to the Elven Halls.
 12091 | Orc:2    | Found a roughly hewn altar of Beogh.
 12164 | Orc:1    | Found Naowo's Distillery.
 12164 | Orc:1    | Noticed an orc high priest
 12181 | Orc:2    | Killed an orc high priest
 12425 | Orc:2    | Noticed a two-headed ogre
 12442 | Orc:2    | Killed a two-headed ogre
 12500 | Lair:1   | Entered Level 1 of the Lair of Beasts
 12759 | Orc:2    | Noticed a two-headed ogre
 12871 | Orc:2    | Noticed a two-headed ogre
 12904 | Orc:2    | Killed a two-headed ogre
 13042 | Orc:2    | Noticed a two-headed ogre
 13042 | Orc:2    | Reached skill level 10 in Axes
 13055 | Orc:2    | Killed a two-headed ogre
 13078 | Orc:2    | Noticed a two-headed ogre
 13247 | D:12     | HP: 1/104 [white ugly thing (30)]
 14218 | Orc:2    | Killed a two-headed ogre
 14225 | Orc:1    | Killed a two-headed ogre
 14279 | Orc:2    | Noticed an ettin
 14342 | Orc:2    | Reached XP level 13. HP: 95/115 MP: 2/25
 15060 | D:12     | Reached skill level 11 in Axes
 15582 | D:12     | Noticed AdmiralAndromeda's ghost (journeyman DsNe)
 15837 | D:12     | Noticed an orc warlord
 15839 | D:12     | Noticed an emperor scorpion
 15839 | D:12     | an orc warlord changed into an emperor scorpion
 16314 | D:13     | You fall through a shaft for 2 floors!
 16314 | D:15     | Entered Level 15 of the Dungeon
 16513 | D:14     | Reached skill level 12 in Axes
 16611 | D:14     | Found a shimmering altar of Xom.
 16867 | D:13     | Noticed Kirke
 16884 | D:13     | Killed Kirke
 16884 | D:13     | Reached skill level 15 in Necromancy
 17105 | D:13     | Found a gate to the Vaults.
 17123 | D:13     | HP: 3/115 [deep elf mage/bolt of lightning (20)]
 17571 | D:13     | Reached skill level 13 in Axes
 17877 | D:14     | Noticed Zogzag's ghost (journeyman HuIE)
 17987 | D:12     | Killed AdmiralAndromeda's ghost
 18194 | D:12     | Gained mutation: You resist negative energy. (rN+) [Deep Dwarf growth]
 18194 | D:12     | Reached XP level 14. HP: 108/123 MP: 14/26
 18348 | D:12     | Killed an emperor scorpion
 18887 | Lair:2   | Bought a heavily runed helmet for 389 gold pieces
 18897 | Lair:2   | Identified the cursed +0 helmet of Charity {Int+4 Dex+3} (You bought it in a shop on level 2 of the Lair of Beasts)
 18899 | Lair:2   | Bought a transparent bone ring for 180 gold pieces
 18900 | Lair:2   | Identified the ring of Disaster {+Fly Dex+2 SInv Stlth+} (You bought it in a shop on level 2 of the Lair of Beasts)
 19031 | Lair:2   | Reached skill level 14 in Axes
 19064 | Lair:2   | Found a staircase to the Snake Pit.
 19507 | Lair:4   | Found a dark tunnel.
 19517 | Volcano  | Entered a volcano
 19833 | Volcano  | Reached skill level 15 in Axes
 20410 | Lair:6   | Entered Level 6 of the Lair of Beasts
 20833 | Lair:6   | Reached skill level 16 in Axes
 22811 | Lair:1   | Noticed Gastronok
 22857 | Lair:1   | Reached XP level 15. HP: 100/132 MP: 17/27
 23066 | Lair:1   | Killed Gastronok
 23901 | D:15     | Reached skill level 17 in Axes
 24244 | Orc:2    | Noticed an orc warlord
 24267 | Orc:2    | Found Seeqaihe's Food Shop.
 24379 | Orc:1    | Noticed Erolcha
 24654 | Lair:2   | Bought a scorched cloak for 313 gold pieces
 24664 | Lair:2   | Identified the cursed -1 cloak of Widenetu {rN+ Regen+} (You bought it in a shop on level 2 of the Lair of Beasts)
 25253 | Orc:2    | Noticed an orc warlord
 25849 | Lair:4   | Found a staircase to the Shoals.
 26020 | Orc:2    | Killed an orc warlord
 26084 | Orc:2    | Reached skill level 18 in Axes
 26680 | Orc:1    | Killed an orc warlord
 26887 | Orc:2    | Found Cocyabem's Magic Scroll Boutique.
 26893 | Orc:2    | Found Pyfed's Antique Armour Shoppe.
 26931 | Orc:2    | HP: 6/132 [two-headed ogre/giant spiked club (13)]
 26932 | Orc:2    | Mangled by a two-headed ogre

Skill      XL: |  1  2  3  4  5  6  7  8  9 10 11 12 13 14 15 |
---------------+----------------------------------------------+-----
Spellcasting   | 2 3 4 6 8 |  8.3
Necromancy     | 5 6 7 9 10 11 13 14 15 | 15.5
Fighting       | 1 3 4 7 8 |  8.1
Armour         | 3 5 7 8 |  8.6
Evocations     | 4 6 8 |  8.1
Axes           | 5 8 10 13 16 18 | 18.5
Dodging        | 4 |  4.1
Stealth        | |  2.4

Action                   |  1- 3 |  4- 6 |  7- 9 | 10-12 | 13-15 || total
-------------------------+-------+-------+-------+-------+-------++-------
Melee: Dagger            |    18 |     2 |    41 |       |       ||    61
       Dire flail        |       |    11 |   121 |   179 |    24 ||   335
       Falchion          |       |       |    71 |       |       ||    71
       Quarterstaff      |       |       |     3 |       |       ||     3
       Whip              |       |       |    15 |   209 |       ||   224
       Flail             |       |       |       |   135 |   750 ||   885
       Great mace        |       |       |       |       |   129 ||   129
       Executioner's axe |       |       |       |       |    84 ||    84
 Fire: Blowgun           |       |       |       |       |    27 ||    27
Throw: Javelin           |       |       |       |    18 |    15 ||    33
 Cast: Pain              |    38 |    92 |    71 |    25 |    35 ||   261
       Vampiric Draining |     1 |    10 |    77 |   401 |   769 ||  1258
Invok: Call Merchant     |       |       |     1 |       |     6 ||     7
       Potion Petition   |       |       |       |       |     1 ||     1
Evoke: Wand              |       |       |     6 |    49 |    14 ||    69
       Sack of spiders   |       |       |       |       |     1 ||     1
       Box of beasts     |       |       |       |       |     4 ||     4
  Use: Scroll            |       |     2 |     6 |    23 |    15 ||    46
       Potion            |       |       |       |     1 |     2 ||     3
 Stab: Sleeping          |     1 |       |       |       |       ||     1
       Paralysed         |       |       |     4 |    16 |       ||    20
       Distracted        |       |       |       |     1 |     8 ||     9
       Invisible         |       |       |       |       |     9 ||     9
  Eat: Royal jelly       |       |     1 |     3 |    10 |     8 ||    22
       Meat ration       |       |     1 |       |       |     1 ||     2
       Bread ration      |       |     1 |       |       |     2 ||     3
       Fruit             |       |       |     9 |     6 |    14 ||    29
Armor: Robe              |     1 |       |   116 |       |       ||   117
       Ring mail         |     7 |     7 |    21 |       |       ||    35
       Scale mail        |       |       |   104 |   434 |   465 ||  1003
       Fire dragon scale |       |       |       |       |   380 ||   380
       Plate armour      |       |       |       |       |   148 ||   148
Dodge: Dodged            |    17 |    31 |   285 |   477 |   960 ||  1770
       Deflected         |       |       |       |       |     4 ||     4
       Rpst.: Falchion   |       |       |    21 |       |       ||    21
